 Dungeon Crawl Stone Soup version 0.20-a0-958-g783e32d (webtiles) character file.

54118 M4edhros the Covert (level 14, -1/90 HPs)
             Began as an Octopode Necromancer on Apr 6, 2017.
             Was the Champion of Cheibriados.
             Slain by an orc sorcerer
             ... wielding a +0 dagger
              (5 damage)
             ... while paralysed by an orc sorcerer
             ... on level 2 of the Orcish Mines.
             The game lasted 01:04:42 (11561 turns).

M4edhros the Covert (Octopode Necromancer)         Turns: 11561, Time: 01:04:43

Health: -1/90      AC:  4    Str: 25    XL:     14   Next: 71%
Magic:  25/25      EV:  2    Int: 33    God:    Cheibriados [******]
Gold:   1075       SH:  0    Dex: 29    Spells: 7/25 levels left

rFire    + . .     SeeInvis .   C - +2 trident (elec)
rCold    . . .     Gourm    +   E - +3 large shield {AC+3}
rNeg     . . .     Faith    .   (helmet restricted)
rPois    .         Spirit   .   s - amulet of the gourmand
rElec    .         Reflect  .   A - ring of protection from fire
rCorr    +         Harm     .   U - ring of resist corrosion
MR       ++...                  (no ring)
Stlth    +++++++...             (no ring)
Regen    0.3/turn               (no ring)
MPRegen  0.2/turn               (no ring)
                                (no ring)
                                (no ring)

@: paralysed, very slow
A: almost no armour, stealthy swim, amphibious, 8 rings, constrict 8, camouflage
1, high mp 1, magic resistance 1, gelatinous body 1
a: Bend Time, Temporal Distortion, Slouch, Step From Time, Renounce Religion


You were on level 2 of the Orcish Mines.
You worshipped Cheibriados.
Cheibriados was exalted by your worship.
You were very full.

You visited 4 branches of the dungeon, and saw 22 of its levels.

You collected 2295 gold pieces.
You spent 1220 gold pieces at shops.

Inventory:

Hand Weapons
 t - a +3 fustibalus
 C - a +2 trident of electrocution (weapon)
 O - the +7 hunting sling of Uxypreov {venom, rPois rF+}
   (You bought it in a shop on level 7 of the Dungeon)

   It poisons the ammo it fires.
   It protects you from fire.
   It protects you from poison.
Missiles
 z - 291 stones (quivered)
 M - 85 sling bullets
Armour
 E - a +3 large shield of protection (worn)
Magical Staves
 h - a cursed staff of death {unknown}
Jewellery
 s - an amulet of the gourmand (around mantle)
 A - a ring of protection from fire (left tentacle)
 U - a ring of resist corrosion (right tentacle)
Wands
 d - a wand of digging (5/24)
 q - a wand of flame (27/48)
 r - a wand of paralysis (0/24)
 D - a wand of iceblast (9/15)
 J - a wand of paralysis (0/24)
 L - a wand of confusion (4/48)
 N - a wand of acid (4/15)
 Y - a wand of confusion (30/48)
Scrolls
 f - 2 scrolls of amnesia
 i - 14 scrolls of remove curse
 p - 2 scrolls of immolation
 w - a scroll of fear
 x - 5 scrolls of fog
 y - a scroll of teleportation
 H - 2 scrolls of summoning
 R - a scroll of noise
 T - a scroll of silence
 W - a scroll of identify
Potions
 e - 2 potions of agility
 k - 6 potions of lignification
 n - 3 potions of resistance
 v - 4 potions of brilliance
 B - 5 potions of curing
 P - a potion of flight
 Q - 2 potions of might
 V - 5 potions of haste
 X - a potion of invisibility
Books
 a - a book of Necromancy

   Spells                             Type                      Level
   a - Pain                           Necromancy                   1
   b - Animate Skeleton               Necromancy                   1
   c - Vampiric Draining              Necromancy                   3
   d - Regeneration                   Charms/Necromancy            3
   e - Animate Dead                   Necromancy                   4
   f - Control Undead                 Necromancy                   4
 m - a book of Conjurations

   Spells                             Type                      Level
   a - Magic Dart                     Conjuration                  1
   b - Searing Ray                    Conjuration                  2
   c - Dazzling Spray                 Conjuration/Hexes            3
   d - Fulminant Prism                Conjuration/Hexes            4
   e - Force Lance                    Conjuration/Translocation    4
   f - Iskenderun's Mystic Blast      Conjuration                  4
 o - a book of Minor Magic

   Spells                             Type                      Level
   a - Magic Dart                     Conjuration                  1
   b - Blink                          Translocation                2
   c - Call Imp                       Summoning                    2
   d - Slow                           Hexes                        2
   e - Conjure Flame                  Conjuration/Fire             3
   f - Mephitic Cloud                 Conjuration/Poison/Air       3
 u - a book of Maledictions

   Spells                             Type                      Level
   a - Corona                         Hexes                        1
   b - Ensorcelled Hibernation        Hexes/Ice                    2
   c - Confuse                        Hexes                        3
   d - Tukima's Dance                 Hexes                        3
   e - Dazzling Spray                 Conjuration/Hexes            3
 G - a Young Poisoner's Handbook

   Spells                             Type                      Level
   a - Sting                          Conjuration/Poison           1
   b - Poisonous Vapours              Poison/Air                   2
   c - Mephitic Cloud                 Conjuration/Poison/Air       3
   d - Olgreb's Toxic Radiance        Poison                       4
   e - Venom Bolt                     Conjuration/Poison           5
 K - a book of Cantrips

   Spells                             Type                      Level
   a - Confusing Touch                Hexes                        1
   b - Animate Skeleton               Necromancy                   1
   c - Summon Small Mammal            Summoning                    1
   d - Apportation                    Translocation                1
 S - a book of Debilitation

   Spells                             Type                      Level
   a - Corona                         Hexes                        1
   b - Slow                           Hexes                        2
   c - Inner Flame                    Hexes/Fire                   3
   d - Portal Projectile              Hexes/Translocation          3
   e - Cause Fear                     Hexes                        4
   f - Leda's Liquefaction            Hexes/Earth                  4
 Z - a book of Unlife

   Spells                             Type                      Level
   a - Recall                         Summoning/Translocation      3
   b - Animate Dead                   Necromancy                   4
   c - Control Undead                 Necromancy                   4
   d - Cigotuvi's Embrace             Necromancy                   5
   e - Death Channel                  Necromancy                   6
   f - Simulacrum                     Ice/Necromancy               6
Miscellaneous
 g - a sack of spiders
Comestibles
 b - 14 bread rations
 c - 37 fruits
 j - 9 meat rations
 I - 7 royal jellies


   Skills:
 - Level 6.0 Fighting
   Level 5.3 Short Blades
 - Level 6.2 Polearms
 - Level 8.2 Dodging
 - Level 12.0 Stealth
 * Level 11.0 Shields
 - Level 1.3 Unarmed Combat
 * Level 6.1 Spellcasting
 - Level 3.1 Conjurations
 + Level 3.3 Hexes
 - Level 4.6 Charms
 - Level 5.5 Necromancy
 - Level 4.6 Translocations
 + Level 5.2 Air Magic
 + Level 8.2 Poison Magic
 - Level 5.3 Invocations
 - Level 9.1 Evocations


You had 7 spell levels left.
You knew the following spells:

 Your Spells              Type           Power        Failure   Level  Hunger
a - Pain                  Necr           ####         2%          1    None
b - Animate Skeleton      Necr           N/A          2%          1    None
c - Regeneration          Chrm/Necr      #####.....   12%         3    None
d - Blink                 Tloc           N/A          8%          2    None
e - Mephitic Cloud        Conj/Pois/Air  #####...     10%         3    None
f - Animate Dead          Necr           N/A          28%         4    ##.....
g - Apportation           Tloc           #####.       4%          1    None
h - Inner Flame           Hex/Fire       ###.....     41%         3    None


Dungeon Overview and Level Annotations

Branches:
Dungeon (13/15)            Temple (1/1) D:7            Lair (6/6) D:11
 Shoals (0/4) Lair:2        Snake (0/4) Lair:4        Slime (0/5) Lair:5
    Orc (2/2) D:10            Elf (0/3) Orc:2
 Vaults: D:13-14

Altars:
Ashenzari
Cheibriados
Dithmenos
Elyvilon
Fedhas
Gozag
Hepliaklqana
Kikubaaqudgha
Makhleb
Okawaru
Qazlal
Sif Muna
Uskayaw
Vehumet
Wu Jian
Xom
Zin
The Shining One
Jiyva

Shops:
D:6 [   D:7 *   D:8 !   Orc:2 %}

Annotations:
D:6 exclusion: statue
D:11 exclusion: hydra


Innate Abilities, Weirdness & Mutations

You cannot wear most types of armour.
You are very stealthy in the water. (Stealth+)
You are amphibious.
You can wear up to eight rings at the same time.
You can use your tentacles to constrict eight enemies at once.
Your skin changes colour to match your surroundings (Stealth+).
Your rubbery body absorbs attacks. (AC +1, EV +1)
You have an increased reservoir of magic. (+10% MP)
You are resistant to hostile enchantments. (MR+)


Message History

The orc warrior hits you with a mace!
The orc high priest says, "All sinners must die."
The orc priest moves out of view.
The orc knight roars a battlecry!
The orc wizard goes into a battle-frenzy!
An orc warrior and an orc wizard come into view.
The orc high priest hits you from afar with a glaive!!
The orc high priest utters an invocation to Beogh.
The orc sorcerer mumbles some strange words.
The orc warrior hits you from afar with a glaive!!
* * * LOW HITPOINT WARNING * * *
The orc sorcerer hits you with a dagger.
* * * LOW HITPOINT WARNING * * *
The orc wizard gestures wildly while chanting.
The orc wizard seems to speed up.
You hear a shout!
The orc priest shouts!
The orc high priest hits you from afar with a glaive!
* * * LOW HITPOINT WARNING * * *
The orc sorcerer hits you with a dagger.
You die...

#.#
#..........##
##.## #.#
##.#########
##.# #.#
######.######
##. #.#
#.......^...# ##
#.#
...####.####...#
# #.# #.# . #.#
#.# #.# #.# #.#
#@# #.#


#oooooo.# #.# #...oo4oo4# #.# #...o.oooo..# # #.# o.....4o...o.o. ## #.#
.##....4....##. ##. #.# .##.3...##. ##.# #.# ∩. .##.##. .∩ ##.## #.# ##.## You
could see 4 orc knights, 3 orc high priests, a hellwing, an ice devil, 2 rust
devils, a ynoxinul, 3 orc sorcerers, 4 orc warriors, 3 orc priests and 2 orc
wizards.

Vanquished Creatures
  Josephine (D:10)
  5 hydras
  A catoblepas (Lair:3)
  A centaur warrior (D:13)
  5 two-headed ogres
  A tengu warrior (D:11)
  4 unseen horrors
  4 ugly things
  A cyclops (D:12)
  An orc sorcerer (Orc:1)
  Maurice (D:10)
  4 manticores
  3 black mambas
  6 elephants
  Psyche (D:8)
  2 centaur zombies
  21 spiny frogs
  5 komodo dragons
  3 rime drakes
  3 trolls
  2 tyrant leeches (Lair:6)
  17 blink frogs
  11 hippogriffs
  2 wyverns
  29 yaks
  3 wraiths (D:10)
  3 basilisks
  3 hungry ghosts
  A steam dragon (D:13)
  3 wargs (Orc:1)
  Menkaure (D:6)
  9 vampire mosquitoes
  An acid dragon (D:12)
  A soldier ant (D:13)
  7 porcupines
  11 orc warriors
  7 water moccasins
  2 sky beasts
  An eye of draining (D:11)
  A phantom (D:4)
  2 ice beasts
  2 black bears
  A necrophage (D:13)
  6 centaurs
  4 ogres
  11 crocodiles
  19 bullfrogs
  3 big kobolds
  A wyvern skeleton (D:7)
  10 killer bees
  7 scorpions
  3 electric eels
  2 howler monkeys
  The ghost of M4edhros the Grave Robber, a weakling OpNe (D:3)
  A jelly (D:12)
  4 crimson imps (D:5)
  A bullfrog zombie (D:13)
  A hound (D:9)
  14 orc priests
  19 orc wizards
  4 bullfrog skeletons
  A centaur skeleton (D:8)
  2 iguanas
  3 worker ants
  A killer bee zombie (D:9)
  A hound zombie (D:9)
  A hound skeleton (D:4)
  2 gnolls (D:5)
  10 adders
  A worm (D:3)
  5 dart slugs
  4 leopard geckos
  55 orcs
  2 giant cockroaches (D:1)
  4 goblins
  10 hobgoblins
  10 jackals
  17 kobolds
  5 quokkas
  A ball python skeleton (D:5)
  13 bats
  5 frilled lizards
  A leopard gecko skeleton (D:5)
  5 rats
  3 fungi
  A plant (D:11)
467 creatures vanquished.

Vanquished Creatures (collateral kills)
  A deep elf mage (D:13)
  4 elephants
  A black mamba (Lair:4)
  7 spiny frogs (Lair:6)
  2 tyrant leeches (Lair:6)
  A polar bear (Lair:4)
  2 hippogriffs
  13 blink frogs (Lair:6)
  5 yaks
  A wyvern (Lair:3)
  2 wraiths (D:10)
  2 water moccasins
  An orc warrior (Orc:2)
  A sky beast (D:11)
  5 crocodiles
  A big kobold (D:8)
  10 bullfrogs
  A crimson imp (D:10)
  3 hounds
  A bullfrog zombie (D:10)
  An orc priest (D:10)
  An orc wizard (D:8)
  4 adders (Lair:4)
  An orc (D:13)
  A giant cockroach (D:2)
  A jackal (D:3)
  2 kobolds (D:8)
  A quokka (D:10)
  A ball python (D:4)
  A bush (Lair:6)
  9 fungi
  11 plants
98 creatures vanquished.

Vanquished Creatures (others)
  An orc wizard (D:4)
  26 fungi
  43 plants
70 creatures vanquished.

Grand Total: 635 creatures vanquished

Notes
Turn   | Place    | Note
-------+----------+-------------------------------------------
     0 | D:1      | M4edhros the Octopode Necromancer began the quest for the Orb.
     0 | D:1      | Reached XP level 1. HP: 11/11 MP: 3/3
    57 | D:1      | Learned a level 1 spell: Animate Skeleton
   104 | D:1      | Reached skill level 1 in Unarmed Combat
   111 | D:1      | Reached XP level 2. HP: 8/18 MP: 5/5
   169 | D:1      | Reached skill level 3 in Stealth
   267 | D:1      | Reached skill level 1 in Fighting
   301 | D:1      | Reached XP level 3. HP: 11/23 MP: 6/6
   306 | D:1      | Learned a level 3 spell: Regeneration
   487 | D:4      | Reached XP level 4. HP: 16/28 MP: 7/7
   503 | D:4      | Reached skill level 4 in Stealth
   558 | D:4      | Learned a level 2 spell: Blink
   566 | D:4      | Reached skill level 1 in Short Blades
   603 | D:5      | Entered Level 5 of the Dungeon
   685 | D:5      | Reached XP level 5. HP: 34/34 MP: 8/8
   767 | D:5      | Found an iron altar of Okawaru.
   866 | D:5      | Found a shimmering altar of Xom.
   924 | D:6      | Noticed Menkaure
   931 | D:6      | Killed Menkaure
   931 | D:6      | Reached skill level 5 in Stealth
   931 | D:6      | Reached XP level 6. HP: 39/39 MP: 9/9
   960 | D:6      | Reached skill level 6 in Stealth
  1008 | D:6      | Found a radiant altar of Vehumet.
  1159 | D:7      | Reached XP level 7. HP: 39/45 MP: 11/11
  1208 | D:7      | Found a staircase to the Ecumenical Temple.
  1213 | Temple   | Entered the Ecumenical Temple
  1290 | Temple   | Became a worshipper of Cheibriados the Contemplative
  1418 | D:3      | Found a shadowy altar of Dithmenos.
  1830 | D:3      | Noticed M4edhros's ghost (weakling OpNe)
  1837 | D:3      | Killed M4edhros's ghost
  1978 | D:3      | Reached * piety under Cheibriados
  2068 | D:4      | Learned a level 3 spell: Mephitic Cloud
  2070 | D:4      | Reached skill level 7 in Stealth
  2409 | D:5      | Reached XP level 8. HP: 48/52 MP: 13/13
  2490 | D:6      | Reached skill level 8 in Stealth
  2508 | D:6      | Found Wiryun's Antique Armour Shop.
  2516 | D:6      | Bought a runed large shield for 165 gold pieces
  2613 | D:7      | Reached ** piety under Cheibriados
  2615 | D:7      | Reached skill level 1 in Shields
  2637 | D:7      | Found a white marble altar of Elyvilon.
  2751 | D:7      | Found Erphaw's General Store.
  2954 | D:8      | Found a shattered altar of Ashenzari.
  3180 | D:8      | Found Taxoqut's Distillery.
  3292 | D:8      | Reached skill level 5 in Dodging
  3306 | D:8      | Reached skill level 9 in Stealth
  3306 | D:8      | Reached XP level 9. HP: 48/58 MP: 10/14
  3314 | D:8      | Gained mutation: Your mind is acute. (Int +2) [mutagenic meat]
  3323 | D:8      | Noticed Psyche
  3355 | D:8      | Killed Psyche
  3364 | D:8      | Gained mutation: Scrolls take you a little longer to read. [mutagenic glow]
  3562 | D:9      | Reached *** piety under Cheibriados
  3588 | D:9      | Reached skill level 5 in Shields
  3665 | D:9      | Noticed a two-headed ogre
  3668 | D:9      | Reached skill level 1 in Invocations
  3692 | D:9      | Reached skill level 1 in Evocations
  3703 | D:9      | Killed a two-headed ogre
  3703 | D:9      | Reached skill level 5 in Fighting
  3703 | D:9      | Reached skill level 5 in Short Blades
  3703 | D:9      | Reached XP level 10. HP: 35/66 MP: 2/15
  3962 | D:10     | Entered Level 10 of the Dungeon
  4163 | D:10     | Killed an unseen horror
  4167 | D:10     | Reached skill level 1 in Poison Magic
  4230 | D:10     | Reached **** piety under Cheibriados
  4314 | D:10     | Noticed Maurice
  4341 | D:10     | Killed Maurice
  4341 | D:10     | Reached skill level 1 in Charms
  4408 | D:10     | Found a staircase to the Orcish Mines.
  4415 | D:10     | Reached skill level 10 in Stealth
  4464 | Orc:1    | Entered Level 1 of the Orcish Mines
  4489 | Orc:1    | Noticed an orc sorcerer
  4496 | Orc:1    | Killed an orc sorcerer
  4507 | Orc:1    | Noticed a two-headed ogre
  4507 | Orc:1    | Reached skill level 1 in Polearms
  4529 | Orc:1    | Killed a two-headed ogre
  4686 | Orc:1    | Reached XP level 11. HP: 72/72 MP: 16/16
  4761 | Orc:1    | Reached skill level 5 in Invocations
  4938 | Orc:2    | Entered Level 2 of the Orcish Mines
  4975 | Orc:2    | Reached skill level 5 in Evocations
  5016 | Orc:2    | Found a burning altar of Makhleb.
  5158 | Orc:2    | Reached ***** piety under Cheibriados
  5181 | Orc:2    | Found a staircase to the Elven Halls.
  5486 | D:10     | Noticed Josephine
  5516 | D:10     | Killed Josephine
  5603 | D:10     | Noticed a two-headed ogre
  5612 | D:10     | Killed a two-headed ogre
  5760 | D:11     | Noticed a tengu warrior
  5767 | D:11     | Killed a tengu warrior
  5869 | D:11     | Killed an unseen horror
  5942 | D:11     | Noticed an eight-headed hydra
  6068 | D:12     | Learned a level 4 spell: Animate Dead
  6137 | D:12     | Noticed an eight-headed hydra
  6145 | D:12     | Killed an eight-headed hydra
  6145 | D:12     | Reached XP level 12. HP: 46/79 MP: 17/17
  6211 | D:12     | Noticed a two-headed ogre
  6230 | D:12     | Killed a two-headed ogre
  6337 | D:12     | Reached skill level 11 in Stealth
  6343 | D:12     | Reached skill level 5 in Polearms
  6356 | D:12     | Reached skill level 5 in Necromancy
  6584 | D:13     | Found a stormy altar of Qazlal.
  6636 | D:13     | Reached skill level 1 in Air Magic
  6636 | D:13     | Reached skill level 5 in Poison Magic
  6985 | D:13     | Noticed a centaur warrior
  6993 | D:13     | Killed a centaur warrior
  7085 | D:13     | Learned a level 1 spell: Apportation
  7265 | D:12     | Reached ****** piety under Cheibriados
  7313 | D:11     | Found a staircase to the Lair.
  7324 | D:11     | Reached XP level 13. HP: 83/83 MP: 12/19
  7329 | D:11     | Gained mutation: You do not regenerate when monsters are visible. [mutagenic meat]
  7534 | D:11     | Gained mutation: Your system is resistant to poisons. (rPois) [mutagenic meat]
  8196 | D:7      | Bought the +7 hunting sling of Uxypreov {venom, rPois rF+} for 605 gold pieces
  8196 | D:7      | Bought a scroll of identify for 22 gold pieces
  8196 | D:7      | Bought a scroll of identify for 22 gold pieces
  8196 | D:7      | Bought a scroll of identify for 22 gold pieces
  8456 | Lair:1   | Entered Level 1 of the Lair of Beasts
  8604 | D:8      | Bought a potion of might for 48 gold pieces
  8604 | D:8      | Bought a potion of agility for 48 gold pieces
  8604 | D:8      | Bought a potion of lignification for 36 gold pieces
  8604 | D:8      | Bought a potion of mutation for 96 gold pieces
  8604 | D:8      | Bought a potion of brilliance for 48 gold pieces
  8604 | D:8      | Bought a potion of lignification for 36 gold pieces
  8604 | D:8      | Bought a potion of curing for 36 gold pieces
  8604 | D:8      | Bought a potion of curing for 36 gold pieces
  8604 | D:8      | Lost mutation: Your system is resistant to poisons. (rPois) [potion of mutation]
  8604 | D:8      | Lost mutation: Your mind is acute. (Int +2) [potion of mutation]
  8604 | D:8      | Lost mutation: Scrolls take you a little longer to read. [potion of mutation]
  8604 | D:8      | Lost mutation: You do not regenerate when monsters are visible. [potion of mutation]
  8604 | D:8      | Gained mutation: You have an increased reservoir of magic. (+10% MP) [potion of mutation]
  8604 | D:8      | Gained mutation: You are resistant to hostile enchantments. (MR+) [potion of mutation]
  8761 | Lair:1   | Reached skill level 1 in Conjurations
  8810 | Lair:1   | Learned a level 3 spell: Inner Flame
  8936 | Lair:2   | Reached skill level 1 in Translocations
  9555 | Lair:4   | Reached skill level 12 in Stealth
  9642 | Lair:4   | Found a staircase to the Snake Pit.
  9906 | Lair:5   | Found a staircase to the Slime Pits.
  9907 | Lair:5   | Found a viscous altar of Jiyva.
  9919 | Lair:5   | Reached skill level 1 in Hexes
 10083 | Lair:6   | Entered Level 6 of the Lair of Beasts
 10096 | Lair:6   | Reached skill level 10 in Shields
 10156 | Lair:6   | Reached XP level 14. HP: 67/90 MP: 3/22
 10406 | Lair:6   | Reached skill level 5 in Spellcasting
 10563 | Lair:6   | Reached skill level 5 in Air Magic
 11171 | Lair:2   | Found a staircase to the Shoals.
 11557 | Orc:2    | Found Xawkusk's Gadget Emporium.
 11557 | Orc:2    | Found Ibbucady's Food Emporium.
 11558 | Orc:2    | Paralysed by an orc sorcerer for 4 turns
 11561 | Orc:2    | HP: 4/90 [orc high priest/glaive (11)]
 11561 | Orc:2    | Slain by an orc sorcerer

Vault maps used:
D:1:      dpeg_arrival_short_road, kennysheep_crisscross, minmay_cut_off
D:2:      first_bread
D:3:      minitemple, nicolae_dithmenos_shadow_blocks
D:4:      serial_shops, kennysheep_mini_moat
D:5:      led_xom_imps, serial_shops, nicolae_shop_stone,
          okawaru_altar_gauntlet_db
D:6:      vehumet_statue, serial_shops, shop, uniq_menkaure
D:7:      nicolae_overflow_hidden_temple, nicolae_ru_path_of_blood,
          temple_doors_e, serial_shops, nicolae_shop_stone, nrook_uturn
D:8:      ashenzari_altar_1, serial_shops, nicolae_shop_trees, uniq_joseph,
          uniq_psyche
D:9:      lemuel_crystal_altar, serial_glass, glass_columns_b, glass_columns_c
D:10:     erik_orc_2, uniq_maurice, uniq_josephine
D:11:     due_lair_maze_entry_diamond, grunt_tengu_nest
D:13:     basic_altar
Temple:   oiseaux_autumnal_temple
Lair:2:   minmay_shoals_entry_beasts, grunt_megastairs_4
Lair:3:   serial_bayou_shore_a
Lair:4:   minmay_snake_entry_six_corridors, infiniplex_staircase_pool_2
Lair:5:   slime_altar_1
Lair:6:   minmay_lair_end_frog_pond
Orc:2:    st_orc_elflike, bloody_makhleb

Skill      XL: |  1  2  3  4  5  6  7  8  9 10 11 12 13 14 |
---------------+-------------------------------------------+-----
Unarmed Combat | 1 |  1.3
Stealth        | 3 4 5 6 7 9 10 11 12 | 12.0
Fighting       | 1 2 3 4 5 6 |  6.0
Short Blades   | 1 2 3 4 5 |  5.3
Dodging        | 3 4 5 6 7 8 |  8.2
Spellcasting   | 3 6 |  6.1
Shields        | 3 5 6 7 9 10 11 | 11.0
Invocations    | 2 4 5 |  5.3
Evocations     | 2 4 6 8 9 |  9.1
Poison Magic   | 2 4 5 7 8 |  8.2
Charms         | 1 3 4 |  4.6
Polearms       | 2 4 6 |  6.2
Necromancy     | 5 |  5.5
Air Magic      | 2 3 5 |  5.2
Conjurations   | 2 3 |  3.1
Translocations | 3 4 |  4.6
Hexes          | 1 3 |  3.3

Action                   |  1- 3 |  4- 6 |  7- 9 | 10-12 | 13-15 || total
-------------------------+-------+-------+-------+-------+-------++-------
Melee: Unarmed           |    14 |       |       |       |       ||    14
       Constrict         |    13 |     8 |    35 |    65 |    78 ||   199
       Short sword       |    42 |    30 |   122 |    39 |       ||   233
       Tentacles         |     9 |     5 |    39 |   150 |   160 ||   363
       Punch             |     1 |     1 |     3 |     6 |     4 ||    15
       Rapier            |       |       |    71 |    22 |       ||    93
       Trident           |       |       |       |   398 |   452 ||   850
       Hunting sling     |       |       |       |       |     1 ||     1
 Fire: Hunting sling     |       |       |       |       |     3 ||     3
 Cast: Animate Skeleton  |    11 |     7 |    32 |    46 |    34 ||   130
       Regeneration      |     1 |     1 |     4 |    22 |    17 ||    45
       Mephitic Cloud    |       |       |     3 |       |     2 ||     5
       Animate Dead      |       |       |       |     1 |    11 ||    12
       Apportation       |       |       |       |       |    41 ||    41
Invok: Slouch            |       |       |       |     4 |     7 ||    11
Evoke: Wand              |       |       |    14 |    29 |    20 ||    63
  Use: Scroll            |       |       |     8 |    13 |    16 ||    37
       Potion            |       |       |     6 |     3 |     5 ||    14
 Stab: Sleeping          |     8 |     4 |    17 |    23 |    30 ||    82
       Distracted        |       |       |     1 |     7 |    18 ||    26
       Paralysed         |       |       |     2 |     9 |       ||    11
       Confused          |       |       |     1 |     2 |     3 ||     6
  Eat: Chunk             |       |     1 |    16 |    24 |    15 ||    56
Armor: Skin              |     6 |       |    19 |    39 |    19 ||    83
Dodge: Dodged            |    27 |    20 |   102 |   180 |   154 ||   483
Block: Large shield      |       |       |    89 |   390 |   405 ||   884
